 Dungeon Crawl Stone Soup version 0.28.0 (webtiles) character file.

Game seed: 12926524011877512729

70897 RighteousDevil the Warrior (level 14, -4/141 HPs)
             Began as a Minotaur Monk on Feb 18, 2022.
             Was a Priest of Ashenzari.
             Slain by an elephant simulacrum (20 damage)
             ... in an ice cave.
             The game lasted 00:51:20 (29075 turns).

RighteousDevil the Warrior (Minotaur Monk)         Turns: 29075, Time: 00:51:22

Health: -4/141     AC: 11    Str: 19    XL:     14   Next: 95%
Magic:  19/22      EV: 13    Int: 13    God:    Ashenzari [***...]
Gold:   1791       SH: 13    Dex: 16    Spells: 7/13 levels left

rFire   . . .      SeeInvis +   a - +10 long sword "Hydraslayer" {flame, rElec}
rCold   . . .      Faith    .   G - +0 kite shield "Gaze Upon Infinity" {Range, Melee} (curse)
rNeg    . . .      Spirit   .   q - +0 scale mail of the Cosmic Sage {Fort, Melee} (curse)
rPois   .          Reflect  .   (helmet restricted)
rElec   +          Harm     .   s - +0 cloak of Ashenzari's Prison {Comp, Bglg} (curse)
rCorr   .          Rampage  .   d - +0 pair of fencer's gloves {Riposte Dex+3, Melee, Alch} (curse)
Will    ++...      Clarity  +   (no boots)
Stlth   +.........              N - amulet "Circumscribed With Me" {RegenMP MP+9 Int+4, Alch, Evo} (curse)
HPRegen 0.33/turn               J - ring of wizardry
MPRegen 0.58/turn               I - +4 ring of slaying

@: no status effects
A: horns 2, retaliatory headbutt, hooves 1, strong-willed 1, shaggy fur 1
a: Renounce Religion, Shatter the Chains


You were in an ice cave.
You worshipped Ashenzari.
Ashenzari was most pleased with you.
You visited 4 branches of the dungeon, and saw 20 of its levels.
You also visited: Sewer, Ossuary and Ice Cave.

You collected 1791 gold pieces.

Inventory:

Hand Weapons
 a - the +10 long sword "Hydraslayer" (weapon) {flame, rElec}
   (You found it on level 1 of the Lair of Beasts)

   It burns those it strikes, dealing additional fire damage.
   Big, fiery blades are also staple armaments of hydra-hunters.
   rElec:     It insulates you from electricity.
 b - a +6 vorpal scimitar
 y - a +0 scimitar of flaming
Missiles
 n - 2 silver javelins
 r - 5 curare-tipped darts
Armour
 d - the cursed +0 pair of fencer's gloves (worn) {Riposte Dex+3, Melee, Alch}
   (You acquired it on level 4 of the Dungeon)

   It allows the wearer to riposte with melee weapons, swiftly retaliating
   against missed attacks.
   Dex:       It affects your dexterity (+3).
   It has a curse which improves the following skills: Melee Combat: Short
   Blades, Long Blades, Axes, Maces & Flails, Polearms, Staves and Unarmed
   Combat.
   Alchemy:   Poison Magic and Transmutations.
 q - the cursed +0 scale mail of the Cosmic Sage (worn) {Fort, Melee}
   (You found it on level 5 of the Dungeon)

   It has a curse which improves the following skills: Fortitude: Armour and
   Shields.
   Melee Combat: Short Blades, Long Blades, Axes, Maces & Flails, Polearms,
   Staves and Unarmed Combat.
 s - the cursed +0 cloak of Ashenzari's Prison (worn) {Comp, Bglg}
   (You found it on level 4 of the Dungeon)

   It has a curse which improves the following skills: Companions: Summonings
   and Necromancy.
   Beguiling: Conjurations, Hexes and Translocations.
 A - a +0 cloak
 G - the cursed +0 kite shield "Gaze Upon Infinity" (worn) {Range, Melee}
   (You took it off a gnoll sergeant on level 9 of the Dungeon)

   It has a curse which improves the following skills: Ranged Combat: Slings,
   Bows, Crossbows and Throwing.
   Melee Combat: Short Blades, Long Blades, Axes, Maces & Flails, Polearms,
   Staves and Unarmed Combat.
 P - +0 acid dragon scales
Jewellery
 I - a +4 ring of slaying (right hand)
 J - a ring of wizardry (left hand)
 N - the cursed amulet "Circumscribed With Me" (around neck) {RegenMP MP+9 Int+4, Alch, Evo}
   (You found it on level 4 of the Lair of Beasts)

   [amulet of magic regeneration]

   It increases your rate of magic regeneration.
   Int:       It affects your intelligence (+4).
   MP:        It affects your magic capacity (+9).
   It has a curse which improves the following skills: Alchemy: Poison Magic and
   Transmutations.
   Evocations: Evocations.
Wands
 f - a wand of mindburst (11)
 w - a wand of iceblast (19)
 E - a wand of charming (4)
 H - a wand of acid (11)
 K - a wand of polymorph (7)
 L - a wand of flame (17)
 M - a wand of paralysis (7)
 O - a wand of digging (1)
Scrolls
 c - 9 scrolls of torment
 h - 3 scrolls of amnesia
 l - 2 scrolls of holy word
 m - 4 scrolls of fear
 o - a scroll of blinking
 p - 15 scrolls of teleportation
 u - a scroll of fog
 B - a scroll of silence
Potions
 e - 3 potions of attraction
 i - 3 potions of lignification
 j - 3 potions of flight
 k - 2 potions of magic
 t - 3 potions of cancellation
 v - 5 potions of haste
 x - a potion of heal wounds
 z - a potion of berserk rage
 C - a potion of invisibility
 D - 5 potions of brilliance
 F - 7 potions of curing
 Q - a potion of ambrosia


   Skills:
 + Level 17.7 Fighting
 - Level 16.2(19.3) Long Blades
 - Level 6.5(8.2) Armour
 - Level 9.0 Dodging
 - Level 1.5 Stealth
 - Level 12.4(13.9) Shields
 - Level 8.7(10.4) Summonings
 - Level 0.7(1.5) Necromancy
 + Level 2.8(4.2) Evocations


You had 7 spell levels left.
You knew the following spells:

 Your Spells              Type           Power      Damage    Failure   Level
a - Call Canine Familiar  Summ           27%        N/A       2%          3
b - Summon Guardian Gole  Hex/Summ       13%        N/A       21%         3

Your spell library contained the following spells:

 Spells                   Type           Power      Damage    Failure   Level
 Summon Small Mammal      Summ           100%       N/A       1%          1
 Shock                    Conj/Air       0%         1d3       47%         1
 Corpse Rot               Necr/Air       4%         N/A       52%         2
 Static Discharge         Conj/Air       0%         N/A       61%         2
 Scorch                   Fire           0%         2d5       63%         2
 Summon Cactus Giant      Summ           13%        N/A       75%         6
 Dazzling Flash           Conj/Hex       0%         N/A       82%         3
 Ignite Poison            Fire/Tmut/Pois 0%         N/A       82%         3
 Tukima's Dance           Hex            0%         N/A       82%         3
 Swiftness                Air            0%         N/A       85%         3
 Dispel Undead            Necr           4%         3d7       95%         4
 Anguish                  Hex/Necr       1%         N/A       98%         4
 Airstrike                Air            0%         N/A       99%         4
 Flame Wave               Conj/Fire      0%         2d4       99%         4
 Fulminant Prism          Conj/Hex       0%         3d6       99%         4
 Iskenderun's Mystic Bla  Conj/Tloc      0%         2d3       99%         4
 Agony                    Necr           4%         N/A       100%        5
 Fireball                 Conj/Fire      0%         3d3       100%        5
 Lee's Rapid Deconstruct  Erth           0%         3d5*      100%        5
 Silence                  Hex/Air        0%         N/A       100%        5
 Death Channel            Necr           2%         N/A       100%        6
 Enfeeble                 Hex            0%         N/A       100%        7
 Malign Gateway           Summ/Tloc      6%         N/A       100%        7
 Summon Horrible Things   Summ           13%        N/A       100%        8


Dungeon Overview and Level Annotations

Branches:
Dungeon (12/15)            Temple (1/1) D:6            Lair (6/6) D:10
  Swamp (0/4) Lair:4       Spider (0/4) Lair:2        Slime (0/5) Lair:5
    Orc (1/2) D:12          Sewer (visited)         Ossuary (visited)
  IceCv (1/1)

Altars:
Ashenzari
Cheibriados
Dithmenos
Elyvilon
Fedhas
Gozag
Hepliaklqana
Kikubaaqudgha
Makhleb
Nemelex Xobeh
Okawaru
Qazlal
Ru
Sif Muna
Trog
Uskayaw
Vehumet
Wu Jian
Xom
Yredelemnul
Zin
The Shining One
Jiyva

Annotations:
D:3 1 runed translucent door, aubilenon's ghost, amateur GrFi
D:7 2 transporters, psuckher's ghost, novice GnDe
D:10 2 transporters, Kazon's ghost, journeyman DDFi
D:12 exclusion: ice statue
Lair:2 1 runed translucent door, Nuczeo's ghost, journeyman TeEn


Innate Abilities, Weirdness & Mutations

You have a pair of horns on your head.
You reflexively headbutt those who attack you in melee.
You have large cloven feet.
You are strong-willed. (Will+)
You are covered in fur. (AC +1)


Message History

You slash the freezing wraith! You burn the freezing wraith.
The freezing wraith is heavily damaged.
The death yak simulacrum gores you but does no damage.
You block the elephant simulacrum's attack. x2
The freezing wraith hits you. The freezing wraith freezes you!
You block the freezing wraith's attack.
The death yak simulacrum barely misses you.
Unknown command.
You hit the death yak simulacrum.
You melt the death yak simulacrum.
You kick the death yak simulacrum. You headbutt the death yak simulacrum!
The death yak simulacrum is heavily damaged.
The freezing wraith hits you but does no damage.
The freezing wraith hits you!
You block the elephant simulacrum's attack. x2
You slice the death yak simulacrum!!
You melt the death yak simulacrum.
You kick the death yak simulacrum.
The death yak simulacrum vaporises!
You block the death yak simulacrum's attack.
You slice the death yak simulacrum!!
You melt the death yak simulacrum!
You kick the death yak simulacrum. You headbutt the death yak simulacrum!
The death yak simulacrum vaporises!
The freezing wraith hits you. The freezing wraith freezes you!!
* * * LOW HITPOINT WARNING * * *
The freezing wraith closely misses you.
You block the elephant simulacrum's attack. x2
Unknown command.
Unknown command.
Okay, then.
Casting: Call Canine Familiar (mildly dangerous; 2% risk of failure)
Press: ? - help, Q - select action, (/) - cycle Dir - look around, f - activate The freezing wraith hits you!
* * * LOW HITPOINT WARNING * * *
The freezing wraith freezes you!
* * * LOW HITPOINT WARNING * * *
You block the freezing wraith's attack.
The elephant simulacrum tramples you but does no damage.
The elephant simulacrum trunk-slaps you.
* * * LOW HITPOINT WARNING * * *
The elephant simulacrum freezes you!!
You die...

#######
##.§§§.##
##.§§§§h.##
##..§§§§§..##
#...§§@§§...#
#...§ZWZ§...#
#...§§§§§...#*
#....§........#
#....8...8Z...#
#......?......#
##....)[$....##
#...$.©.$...# ,
*


You could see a freezing wraith, an elephant simulacrum, a polar bear simulacrum
(ally target) and a friendly hound (summoned).

Vanquished Creatures
  Josephine (Lair:6)
  A fire dragon (Lair:6)
  2 ice dragons
  10 hydras
  Erica (D:10)
  A boulder beetle (Lair:4)
  A catoblepas (Lair:3)
  4 two-headed ogres
  6 death yaks
  Sonja (D:10)
  A fire crab (shapeshifter) (D:9)
  3 lindwurms
  2 bog bodies (Lair:4)
  A wolf spider (Lair:6)
  A swamp dragon (Lair:6)
  2 ugly things
  2 cyclopes
  2 manticores (D:11)
  13 elephants
  Joseph (D:7)
  2 centaur zombies
  4 black mambas
  6 torpor snails
  13 cane toads
  3 rime drakes (Lair:6)
  2 kobold demonologists (D:10)
  A freezing wraith (D:9)
  12 komodo dragons
  An ice devil (Orc:1)
  A troll (D:11)
  4 polar bears
  13 blink frogs
  Prince Ribbit (D:7)
  11 dream sheep
  5 slime creatures
  3 tyrant leeches (Lair:6)
  8 hornets (Lair:6)
  4 wraiths (Lair:6)
  2 shadows
  65 yaks
  3 steam dragons
  5 wyverns
  4 basilisks
  2 death yak simulacra (IceCv)
  5 vampire mosquitoes
  Menkaure (D:7)
  A harpy simulacrum (IceCv)
  15 water moccasins
  3 acid dragons
  9 orc warriors
  2 hornet zombies
  8 ice beasts
  2 black bears
  A sky beast (D:7)
  15 wolves
  3 necrophages
  7 centaurs
  2 ogres
  A phantom (D:5)
  An elf zombie (Ossuary)
  3 kobold brigands
  14 bullfrogs
  A gnoll sergeant (D:9)
  5 scorpions
  A troll zombie (Ossuary)
  8 killer bees
  5 wights
  A howler monkey (D:4)
  5 electric eels
  A bullfrog zombie (D:6)
  A jelly (D:7)
  11 orc priests
  A centaur skeleton (D:4)
  5 hounds
  A human zombie (Ossuary)
  Jessica (D:2)
  6 iguanas
  Terence (D:3)
  7 orc wizards
  3 ogre zombies (Ossuary)
  8 mummies
  3 howler monkey zombies
  10 gnolls
  8 adders
  7 river rats (Sewer)
  2 white imps
  An ufetubus (D:4)
  An adder skeleton (D:4)
  5 adder zombies (Ossuary)
  2 worms
  4 dart slugs
  51 orcs
  2 endoplasms (D:3)
  2 giant cockroaches (D:5)
  A gnoll zombie (Ossuary)
  3 goblins (D:4)
  7 hobgoblins
  7 jackals
  27 kobolds
  7 quokkas
  13 ball pythons
  6 bats
  2 frilled lizards
  2 goblin zombies (Ossuary)
  A hobgoblin zombie (Ossuary)
  4 kobold zombies (Ossuary)
  An orc zombie (Ossuary)
  7 quokka zombies (Ossuary)
  20 rats
  2 rat zombies (Ossuary)
604 creatures vanquished.

Vanquished Creatures (collateral kills)
  A slime creature (D:11)
1 creature vanquished.

Vanquished Creatures (others)
  36 fungi
  65 plants
  2 withered plants (Lair:2)
103 creatures vanquished.

Grand Total: 708 creatures vanquished

Notes
Turn   | Place    | Note
-------+----------+-------------------------------------------
     0 | D:1      | RighteousDevil the Minotaur Monk began the quest for the
                  | Orb.
     0 | D:1      | Reached XP level 1. HP: 19/19 MP: 0/0
   329 | D:1      | Found a faded altar of an unknown god.
   374 | D:1      | Prayed at the altar of an unknown god.
   374 | D:1      | Became a worshipper of Ashenzari the Shackled
   544 | D:1      | Reached XP level 2. HP: 26/26 MP: 1/1
  1081 | D:2      | Noticed Jessica
  1090 | D:2      | Reached skill level 5 in Long Blades
  1093 | D:2      | Killed Jessica
  1094 | D:2      | Reached XP level 3. HP: 19/31 MP: 2/2
  1334 | D:2      | Identified the +10 short sword of Recklessness {flame, rC+
                  | Dex+4}
  1339 | D:2      | Reached XP level 4. HP: 39/39 MP: 3/3
  1491 | D:2      | Found a stormy altar of Qazlal.
  1908 | D:3      | Found a runed translucent door.
  2019 | D:3      | Noticed Terence
  2025 | D:3      | Killed Terence
  2026 | D:3      | Reached skill level 4 in Fighting
  2350 | D:3      | Reached XP level 5. HP: 46/46 MP: 4/4
  2745 | D:3      | Noticed aubilenon's ghost (amateur GrFi)
  2880 | D:4      | Reached skill level 5 in Fighting
  3225 | D:4      | Noticed a necrophage
  3235 | D:4      | Killed a necrophage
  3236 | D:4      | Reached XP level 6. HP: 54/56 MP: 5/5
  3688 | D:4      | Reached * piety under Ashenzari
  3688 | D:4      | Identified a scroll of acquirement
  3689 | D:4      | Acquired the +0 pair of fencer's gloves {Riposte Dex+3}
  3689 | D:4      | Found the +0 pair of fencer's gloves {Riposte Dex+3}
  3974 | D:5      | Entered Level 5 of the Dungeon
  3974 | D:5      | Noticed a water moccasin
  3985 | D:4      | Killed a water moccasin
  3986 | D:4      | Reached skill level 6 in Fighting
  4119 | D:5      | Reached XP level 7. HP: 50/63 MP: 6/6
  4376 | D:5      | Reached skill level 7 in Fighting
  4494 | D:5      | Found a glowing drain.
  4506 | Sewer    | Entered a sewer
  4867 | Sewer    | Reached XP level 8. HP: 71/74 MP: 7/7
  4926 | Sewer    | Reached skill level 8 in Fighting
  5675 | D:5      | Reached skill level 10 in Long Blades
  5822 | D:5      | Reached ** piety under Ashenzari
  5867 | D:5      | Reached skill level 9 in Fighting
  7067 | D:6      | Reached skill level 1 in Armour
  7067 | D:6      | Reached XP level 9. HP: 48/85 MP: 8/8
  7098 | D:5      | Reached skill level 10 in Fighting
  7704 | D:6      | Reached skill level 5 in Dodging
  7798 | D:6      | Found a staircase to the Ecumenical Temple.
  8279 | Temple   | Entered the Ecumenical Temple
  8706 | D:7      | Noticed Menkaure
  8711 | D:7      | Killed Menkaure
  8793 | D:7      | Found a transporter.
  8798 | D:7      | Noticed psuckher's ghost (novice GnDe)
  9032 | D:7      | Noticed Prince Ribbit
  9056 | D:7      | Killed Prince Ribbit
  9396 | D:7      | Found a transporter.
  9474 | D:7      | Noticed Joseph
  9486 | D:7      | Killed Joseph
  9487 | D:7      | Reached XP level 10. HP: 54/93 MP: 9/9
 10444 | D:8      | Found a sand-covered staircase.
 10453 | Ossuary  | Entered an ossuary
 11645 | D:8      | Noticed a two-headed ogre
 11652 | D:8      | Killed a two-headed ogre
 11768 | D:8      | Reached skill level 5 in Armour
 12230 | D:9      | Reached skill level 11 in Fighting
 12537 | D:9      | Noticed a cyclops
 12537 | D:9      | Noticed a guardian serpent
 12538 | D:9      | Noticed a brown ugly thing
 12577 | D:9      | Killed a brown ugly thing
 12953 | D:9      | Noticed a black mamba
 12953 | D:9      | an unseen horror changed into a black mamba
 12954 | D:9      | a black mamba changed into a jumping spider
 13409 | D:9      | Noticed a fire crab
 13423 | D:9      | Killed a fire crab
 13424 | D:9      | Reached XP level 11. HP: 26/102 MP: 10/10
 13952 | D:9      | Reached *** piety under Ashenzari
 13987 | D:10     | Entered Level 10 of the Dungeon
 14589 | D:10     | Noticed Kazon's ghost (journeyman DDFi)
 14589 | D:10     | Noticed a two-headed ogre
 14589 | D:10     | Found a transporter.
 14590 | D:10     | Noticed a two-headed ogre
 14592 | D:10     | Found a transporter.
 14593 | D:10     | Noticed a two-headed ogre
 14600 | D:10     | Noticed a two-headed ogre
 14628 | D:10     | Reached **** piety under Ashenzari
 14637 | D:10     | Noticed a two-headed ogre
 14651 | D:10     | Killed a two-headed ogre
 14652 | D:10     | Reached skill level 5 in Shields
 14776 | D:10     | Noticed Sonja
 14782 | D:10     | Found an ancient bone altar of Kikubaaqudgha.
 14784 | D:10     | Found a radiant altar of Vehumet.
 15221 | D:9      | Gained mutation: You are agile. (Dex +2) [potion of
                  | mutation]
 15221 | D:9      | Gained mutation: You are occasionally teleported next to
                  | monsters. [potion of mutation]
 15221 | D:9      | Gained mutation: You are covered in fur. (AC +1) [potion of
                  | mutation]
 15222 | D:9      | Lost mutation: You are occasionally teleported next to
                  | monsters. [potion of mutation]
 15222 | D:9      | Lost mutation: You are agile. (Dex +2) [potion of mutation]
 15222 | D:9      | Gained mutation: You have large cloven feet. [potion of
                  | mutation]
 15222 | D:9      | Gained mutation: You are strong-willed. (Will+) [potion of
                  | mutation]
 15473 | D:10     | Found a staircase to the Lair.
 15480 | D:10     | Killed Sonja
 15945 | D:10     | Noticed Erica
 15954 | D:10     | Killed Erica
 16228 | Lair:1   | Entered Level 1 of the Lair of Beasts
 16360 | Lair:1   | Identified the +10 long sword "Hydraslayer" {flame, rElec}
 16535 | Lair:1   | Noticed a five-headed hydra
 16540 | Lair:1   | Killed a one-headed hydra
 16541 | Lair:1   | Reached XP level 12. HP: 103/110 MP: 11/11
 16695 | Lair:1   | Noticed an eight-headed hydra
 16701 | Lair:1   | Killed a five-headed hydra
 16702 | Lair:1   | Reached skill level 15 in Long Blades
 16817 | Lair:1   | Noticed a four-headed hydra
 16822 | Lair:1   | Killed a one-headed hydra
 16823 | Lair:1   | Reached skill level 10 in Shields
 17261 | Lair:2   | Identified the +2 leather armour of Koefengo {rN+}
 17816 | Lair:2   | Found a runed translucent door.
 17816 | Lair:2   | Noticed Nuczeo's ghost (journeyman TeEn)
 18063 | Lair:2   | Found a hole to the Spider Nest.
 18625 | Lair:3   | Noticed a seven-headed hydra
 18635 | Lair:3   | Killed a three-headed hydra
 18636 | Lair:3   | Reached skill level 1 in Summonings
 18768 | Lair:3   | Noticed a death yak
 18768 | Lair:3   | Noticed a death yak
 18769 | Lair:3   | Noticed a death yak
 18769 | Lair:3   | Noticed a death yak
 18795 | Lair:2   | Killed a death yak
 18796 | Lair:2   | Reached skill level 12 in Fighting
 18808 | Lair:2   | Killed a death yak
 18810 | Lair:3   | Noticed a death yak
 18811 | Lair:3   | Noticed a death yak
 18817 | Lair:2   | Killed a death yak
 18948 | Lair:2   | Killed a death yak
 18955 | Lair:2   | Killed a death yak
 18956 | Lair:2   | Reached XP level 13. HP: 118/119 MP: 12/12
 19509 | Lair:3   | Learned a level 3 spell: Call Canine Familiar
 20226 | Lair:3   | Reached skill level 13 in Fighting
 20661 | Lair:4   | Found a staircase to the Swamp.
 21155 | Lair:4   | Identified the amulet "Xoskof" {RegenMP MP+9 Int+4}
 21254 | Lair:4   | Reached skill level 5 in Summonings
 21284 | Lair:4   | Reached skill level 14 in Fighting
 21606 | Lair:5   | Found a viscous altar of Jiyva.
 21606 | Lair:5   | Found a staircase to the Slime Pits.
 22008 | Lair:5   | Reached skill level 15 in Fighting
 22852 | Lair:6   | Entered Level 6 of the Lair of Beasts
 22860 | Lair:5   | Reached XP level 14. HP: 129/135 MP: 13/13
 23624 | Lair:6   | Noticed Josephine
 23636 | Lair:6   | Killed Josephine
 23951 | Lair:6   | Reached skill level 16 in Fighting
 24574 | Lair:6   | Found a runed translucent door.
 24680 | Lair:6   | Paralysed by a hornet for 2 turns
 25325 | Lair:6   | Reached skill level 17 in Fighting
 26828 | D:11     | Learned a level 3 spell: Summon Guardian Golem
 26910 | D:12     | Reached skill level 1 in Evocations
 26924 | D:12     | Found a staircase to the Orcish Mines.
 27003 | D:12     | Identified the Compendium of Attacks and Venom
 29050 | Orc:1    | Entered Level 1 of the Orcish Mines
 29054 | Orc:1    | Found a frozen archway.
 29065 | IceCv    | Entered an ice cave
 29065 | IceCv    | Identified the +5 hand axe of Skirmishing {venom, Contam
                  | rN+ rCorr}
 29075 | IceCv    | Slain by an elephant simulacrum

Illustrated notes

Levels and vault maps discovered:
D:1:      eino_arrival_druids_welcome, layout_basic,
          ebering_ecumenical_altar_box
D:2:      layout_loops_ring, basic_altar, uniq_jessica
D:3:      layout_basic, ebering_ghost_reflecting_pool, minmay_vboxes,
          uniq_terence
D:4:      layout_cave_pods, minmay_pentangle
D:5:      layout_layer_cave, gup_sewer_entry_pipe
D:6:      layout_cave_pools, minmay_temple_entry_nine_rooms
D:7:      layout_loops_ring, gammafunk_ghost_stat_death, centaur_isle,
          uniq_menkaure, uniq_prince_ribbit1, uniq_joseph
D:8:      layout_basic, gup_ossuary_entry_pyramid
D:9:      minmay_chambers_of_sevens, layout_irregular_city
D:10:     layout_long_grid, jmf_multi_god_temple, erik_lair_island,
          gammafunk_ghost_smash, lightli_minifort, uniq_sonja, uniq_erica
D:11:     layout_basic, minivault_22
D:12:     layout_cave_pools, hiddenorc2_lemuel, ice2_lemuel
Temple:   mainiacjoe_temple_big_plus
Lair:1:   layout_loops_ring, lemuel_fruit_fields, infiniplex_staircase_pool_2,
          serial_bayou_shore_a
Lair:2:   layout_gridlike, spider_nest_entry_a, gammafunk_ghost_grave,
          grunt_megastairs_4
Lair:3:   layout_misc_corridors, minmay_shattered_shrine
Lair:4:   layout_long_grid, skrybe_swamp_entry_bodies, nzn_random_ring,
          infiniplex_staircase_pool
Lair:5:   layout_misc_corridors, dpeg_slime_entry_enclosed_altar,
          grunt_forest_small_clearings
Lair:6:   wormcave, layout_cave_pods, guppyfry_lair_end_dragon, uniq_josephine
Orc:1:    layout_caves, portal_ice_cave_demonic_guard, minmay_orc_temple_a,
          uniq_maurice
IceCv:    ice_cave_statue_garden_transporter

Skill      XL: |  1  2  3  4  5  6  7  8  9 10 11 12 13 14 |
---------------+-------------------------------------------+-----
Long Blades    | 4 5 6 7 8 9 11 13 14 16 | 16.2
Fighting       | 4 5 6 7 9 10 11 12 15 17 | 17.7
Armour         | 1 3 6 |  6.5
Dodging        | 6 9 |  9.0
Shields        | 3 9 12 | 12.4
Summonings     | 2 6 8 |  8.7
Evocations     | 2 |  2.8
Stealth        | |  1.5
Necromancy     | |  0.7

Action                   |  1- 3 |  4- 6 |  7- 9 | 10-12 | 13-15 || total
-------------------------+-------+-------+-------+-------+-------++-------
Melee: Falchion          |    56 |   102 |   230 |       |       ||   388
       Headbutt          |     9 |    18 |    72 |   118 |   152 ||   369
       Punch             |       |     1 |     4 |     1 |       ||     6
       Scimitar          |       |       |    79 |   318 |       ||   397
       Kick              |       |       |       |    99 |   244 ||   343
       Long sword        |       |       |       |   168 |   607 ||   775
Throw: Throwing net      |       |       |       |     1 |       ||     1
       Javelin           |       |       |       |     1 |       ||     1
 Cast: Call Canine Famil |       |       |       |       |     6 ||     6
Invok: Curse Item        |       |     2 |     1 |     3 |     1 ||     7
       Shatter the Chain |       |       |       |       |     2 ||     2
Evoke: Wand              |       |       |       |    17 |     3 ||    20
  Use: Scroll            |       |     5 |     2 |     7 |    15 ||    29
       Potion            |       |       |     2 |     7 |     8 ||    17
 Stab: Sleeping          |     4 |       |       |       |     1 ||     5
       Held in net/web   |       |       |       |     2 |       ||     2
       Invisible         |       |       |       |       |     1 ||     1
Armor: Robe              |     4 |       |       |       |       ||     4
       Chain mail        |     9 |    51 |    90 |       |       ||   150
       Scale mail        |       |       |    37 |   107 |   122 ||   266
Dodge: Dodged            |    28 |    47 |   153 |   259 |   208 ||   695
Block: Kite shield       |       |       |       |   188 |   364 ||   552
       Rpst.: Falchion   |       |     3 |    30 |       |       ||    33
       Scimitar          |       |       |     6 |    38 |       ||    44
       Long sword        |       |       |       |    16 |    38 ||    54
